 Dungeon Crawl Stone Soup version 0.21-a0-193-g085b6a0 (webtiles) character file.

21291 Deeps the Warrior (level 12, -9/78 HPs)
             Began as a Gargoyle Fighter on Aug 15, 2017.
             Was a High Priest of Okawaru.
             Mangled by a large slime creature (20 damage)
             ... on level 13 of the Dungeon.
             The game lasted 00:33:11 (14717 turns).

Deeps the Warrior (Gargoyle Fighter)               Turns: 14717, Time: 00:33:11

Health: -9/78      AC: 23    Str: 26    XL:     12   Next: 88%
Magic:  21/21      EV:  8    Int: 18    God:    Okawaru [*****.]
Gold:   547        SH:  9    Dex: 10    Spells: 23/23 levels left

rFire    x . .     SeeInvis .   F - +4 hand axe of a volcano {flame, +Inv rF- Int+8 Stlth-}
rCold    . . .     Gourm    .   c - +0 shield
rNeg     + . .     Faith    .   k - +2 ring mail of Life {rElec Str+4 Dex+3}
rPois    ∞         Spirit   .   I - +1 helmet
rElec    +         Reflect  .   (no cloak)
rCorr    .         Harm     .   u - +0 pair of gloves
MR       .....                  o - +1 pair of boots
Stlth    ..........             (no amulet)
HPRegen  0.23/turn              (no ring)
MPRegen  0.17/turn              (no ring)

@: no status effects
A: thin metallic scales 1, blurry vision 1, clumsy 1, frail 1, negative energy
resistance 1, electricity resistance, weak 1, wild magic 1, unbreathing,
petrification resistance, rot immunity, MP-powered wands, AC +8
a: Heroism, Finesse, Renounce Religion, Evoke Invisibility


You were on level 13 of the Dungeon.
You worshipped Okawaru.
Okawaru was extremely pleased with you.
You were hungry.

You visited 2 branches of the dungeon, and saw 14 of its levels.

You collected 938 gold pieces.
You spent 391 gold pieces at shops.

Inventory:

Hand Weapons
 a - a +1 war axe
 e - the +4 Vampire's Tooth {vamp}
   (You found it on level 6 of the Dungeon)

   It inflicts no extra harm, but heals its wielder when it wounds a living foe.
 i - a +0 triple sword
 r - a +4 war axe of freezing
 F - the +4 hand axe of a volcano (weapon) {flame, +Inv rF- Int+8 Stlth-}
   (You bought it in a shop on level 10 of the Dungeon)

   It has been specially enchanted to burn those struck by it, causing extra
   injury to most foes and up to half again as much damage against particularly
   susceptible opponents.
   Big, fiery blades are also staple armaments of hydra-hunters.
   It affects your intelligence (+8).
   It makes you vulnerable to fire.
   It lets you turn invisible.
   It makes you less stealthy.
Missiles
 M - 6 exploding tomahawks (quivered)
Armour
 b - a +0 scale mail
 c - a +0 shield (worn)
 k - the +2 ring mail of Life (worn) {rElec Str+4 Dex+3}
   (You found it on level 7 of the Dungeon)

   It affects your strength (+4).
   It affects your dexterity (+3).
   It insulates you from electricity.
 o - a +1 pair of boots (worn)
 p - a +0 helmet
 t - a +2 hat
 u - a +0 pair of gloves (worn)
 I - a +1 helmet (worn)
 P - a +1 large shield of poison resistance
Jewellery
 H - an uncursed amulet of magic regeneration
 J - an uncursed amulet of rage
 L - an uncursed amulet of magic regeneration
Wands
 h - a wand of paralysis (7/24)
 s - a wand of polymorph (13/24)
 x - a wand of lightning (11/15)
 y - a wand of lightning (5/15)
 z - a wand of iceblast (8/15)
 A - a wand of lightning (7/15)
 Q - a wand of paralysis (11/24)
 T - a wand of flame (36/48)
Scrolls
 g - 10 scrolls of identify
 j - a scroll of amnesia
 m - 2 scrolls of recharging
 v - 5 scrolls of remove curse
 B - 2 scrolls of teleportation
 K - a scroll of magic mapping
Potions
 d - a potion of flight
 C - 2 potions of might
 D - a potion of haste
 N - 2 potions of heal wounds
 R - a potion of resistance
 U - a potion of berserk rage
Books
 l - a book of Minor Magic

   Spells                             Type                      Level
   a - Magic Dart                     Conjuration                  1
   b - Blink                          Translocation                2
   c - Call Imp                       Summoning                    2
   d - Slow                           Hexes                        2
   e - Conjure Flame                  Conjuration/Fire             3
   f - Mephitic Cloud                 Conjuration/Poison/Air       3
 w - a book of Cantrips

   Spells                             Type                      Level
   a - Confusing Touch                Hexes                        1
   b - Animate Skeleton               Necromancy                   1
   c - Summon Small Mammal            Summoning                    1
   d - Apportation                    Translocation                1
 E - a book of Changes

   Spells                             Type                      Level
   a - Beastly Appendage              Transmutation                1
   b - Sticks to Snakes               Transmutation                2
   c - Spider Form                    Transmutation/Poison         3
   d - Ice Form                       Ice/Transmutation            4
   e - Blade Hands                    Transmutation                5
 G - a book of Debilitation

   Spells                             Type                      Level
   a - Corona                         Hexes                        1
   b - Slow                           Hexes                        2
   c - Inner Flame                    Hexes/Fire                   3
   d - Portal Projectile              Hexes/Translocation          3
   e - Cause Fear                     Hexes                        4
   f - Leda's Liquefaction            Hexes/Earth                  4
Comestibles
 f - 2 bread rations
 n - 5 meat rations
 q - 11 royal jellies
 O - 12 fruits


   Skills:
 + Level 15.0 Fighting
 + Level 12.8 Axes
 - Level 3.2 Armour
 - Level 3.2 Shields
 + Level 6.0 Spellcasting


You had 23 spell levels left.
You didn't know any spells.

Dungeon Overview and Level Annotations

Branches:
Dungeon (13/15)            Temple (1/1) D:5            Lair (0/6) D:8
    Orc (0/2) D:11
 Vaults: D:13-14

Altars:
Ashenzari
Cheibriados
Fedhas
Gozag
Kikubaaqudgha
Makhleb
Nemelex Xobeh
Okawaru
Qazlal
Ru
Sif Muna
Trog
Uskayaw
Vehumet
Wu Jian
Xom
Yredelemnul
The Shining One
Beogh

Shops:
D:4 (   D:10 (


Innate Abilities, Weirdness & Mutations

You are resistant to torment.
Your stone body is resilient. (AC +8)
You are immune to poison.
You resist negative energy. (rN+)
You are resistant to electric shocks. (rElec)
You can survive without breathing.
You are immune to petrification.
You are immune to rotting.
You are partially covered in thin metallic scales. (AC +2)
Scrolls take you a little longer to read.
You are clumsy. (Dex -2)
You are frail. (-10% HP)
You are weak. (Str -2)
Your spells are a little harder to cast, but a little more powerful.
You expend magic power (3 MP) to strengthen your wands.


Message History

You hit the large slime creature. You burn the large slime creature.
The large slime creature is severely wounded.
The large slime creature hits you but does no damage.
You slash the large slime creature! You burn the large slime creature.
The large slime creature is almost dead.
The large slime creature hits you!
* * * LOW HITPOINT WARNING * * *
Your shield and ring mail of Life prevent you from hitting the large slime creature.
The large slime creature is almost dead.
The large slime creature hits you but does no damage.
You hit the large slime creature. You burn the large slime creature.
The large slime creature is almost dead.
You slash the large slime creature! You burn the large slime creature.
The large slime creature is almost dead.
The large slime creature hits you!
* * * LOW HITPOINT WARNING * * *
You hit the large slime creature but do no damage.
The large slime creature is almost dead.
The large slime creature hits you!!
You die...

#...# #..# #...# #..#
#...###..# #........#
#........# #..#######
#..#
######..###########..#
..............@J.....#
........####.######.##
........# #.#
........# #.#
........# #.#
........# #.#
........# #%.
###...... /..


You could see a large slime creature.

Vanquished Creatures
  A hydra (D:12)
  5 two-headed ogres
  A centaur warrior (D:13)
  A catoblepas (D:12)
  An unseen horror (D:12)
  Pikel (D:7)
  2 cyclopes (D:12)
  2 deep elf magi (D:13)
  2 centaur skeletons (D:11)
  2 trolls
  A jumping spider (shapeshifter) (D:13)
  2 slime creatures
  2 dream sheep (D:12)
  2 hippogriffs
  19 yaks
  2 wyverns
  2 vampire mosquitoes (D:12)
  3 hungry ghosts
  An acid dragon (D:11)
  A soldier ant (D:13)
  5 ice beasts
  11 orc warriors
  3 sky beasts
  2 black bears
  6 ogres
  4 phantoms
  3 necrophages
  2 wolves (D:8)
  9 centaurs
  10 big kobolds
  Blork the orc (D:4)
  3 bullfrogs
  4 scorpions
  11 wights
  5 electric eels (D:8)
  2 vampire bats (D:6)
  3 crimson imps
  A quasit (D:10)
  8 jellies
  7 orc priests
  12 hounds
  9 orc wizards
  A bullfrog skeleton (D:5)
  4 iguanas
  5 worker ants
  A hound skeleton (D:5)
  11 gnolls
  A howler monkey skeleton (D:10)
  8 adders
  2 shadow imps
  3 oozes (D:8)
  An adder skeleton (D:4)
  3 dart slugs
  6 leopard geckos
  57 orcs
  8 giant cockroaches
  4 goblins
  4 hobgoblins
  8 jackals
  34 kobolds
  6 quokkas
  3 ball pythons
  9 bats
  2 frilled lizards
  2 quokka zombies
  11 rats
368 creatures vanquished.

Vanquished Creatures (others)
  A slave (D:7)
  An adder (D:7)
  2 orcs (D:7)
  3 jackals (D:7)
  3 fungi (D:8)
  5 plants (D:12)
  9 toadstools (D:8)
24 creatures vanquished.

Grand Total: 392 creatures vanquished

Notes
Turn   | Place    | Note
-------+----------+-------------------------------------------
     0 | D:1      | Deeps the Gargoyle Fighter began the quest for the Orb.
     0 | D:1      | Reached XP level 1. HP: 14/14 MP: 1/1
   375 | D:1      | Reached XP level 2. HP: 19/19 MP: 2/2
   780 | D:1      | Reached XP level 3. HP: 24/24 MP: 3/3
   990 | D:2      | Reached skill level 4 in Fighting
  1323 | D:2      | Reached XP level 4. HP: 29/29 MP: 4/4
  2677 | D:4      | Reached XP level 5. HP: 34/34 MP: 5/5
  2746 | D:4      | Reached skill level 5 in Fighting
  3097 | D:4      | Found Fileucs's Weapon Shoppe.
  3207 | D:4      | Noticed Blork the orc
  3227 | D:4      | Killed Blork the orc
  3227 | D:4      | Reached XP level 6. HP: 7/41 MP: 6/6
  4106 | D:5      | Entered Level 5 of the Dungeon
  4305 | D:5      | Reached skill level 6 in Fighting
  4345 | D:5      | Reached XP level 7. HP: 6/47 MP: 7/7
  4700 | D:5      | Reached skill level 5 in Axes
  4960 | D:5      | Reached skill level 7 in Fighting
  5341 | D:5      | Reached XP level 8. HP: 6/53 MP: 8/8
  5767 | D:5      | Found a staircase to the Ecumenical Temple.
  5992 | D:6      | Found an ornate altar of the Wu Jian Council.
  6073 | D:6      | Reached skill level 8 in Fighting
  6164 | D:7      | Noticed Pikel
  6494 | D:6      | Found the +4 Vampire's Tooth {vamp}
  6596 | D:6      | Reached skill level 9 in Fighting
  6704 | D:7      | Killed Pikel
  6704 | D:7      | Reached XP level 9. HP: 55/62 MP: 9/9
  7222 | D:7      | Gained mutation: You are dopey. (Int -2) [potion of mutation]
  7222 | D:7      | Lost mutation: You are dopey. (Int -2) [potion of mutation]
  7222 | D:7      | Gained mutation: Your spells are a little harder to cast, but a little more powerful. [potion of mutation]
  7222 | D:7      | Gained mutation: You are partially covered in thin metallic scales. (AC +2) [potion of mutation]
  7226 | D:7      | Reached skill level 10 in Fighting
  7250 | D:7      | Got a faintly glowing ring mail
  7261 | D:7      | Identified the +2 ring mail of Life {rElec Str+4 Dex+3} (You found it on level 7 of the Dungeon)
  7419 | D:7      | Found an ancient bone altar of Kikubaaqudgha.
  7420 | D:7      | Found a deep blue altar of Sif Muna.
  8145 | D:4      | Bought a +2 war axe of freezing for 183 gold pieces
  8235 | D:8      | Found a sparkling altar of Nemelex Xobeh.
  8245 | D:8      | Noticed a troll
  8257 | D:8      | Killed a troll
  8268 | D:8      | Reached skill level 11 in Fighting
  8297 | D:8      | Reached XP level 10. HP: 69/69 MP: 10/10
  8329 | D:8      | Found a staircase to the Lair.
  9006 | D:8      | Reached skill level 10 in Axes
  9010 | D:8      | Reached skill level 12 in Fighting
  9186 | D:8      | Noticed a two-headed ogre
  9203 | D:8      | Killed a two-headed ogre
  9614 | Temple   | Entered the Ecumenical Temple
  9720 | Temple   | Became a worshipper of Warmaster Okawaru
 10086 | D:9      | Gained mutation: You are weak. (Str -2) [mutagenic meat]
 10087 | D:9      | Gained mutation: Scrolls take you a little longer to read. [mutagenic meat]
 10088 | D:9      | Gained mutation: You expend magic power (3 MP) to strengthen your wands. [mutagenic meat]
 10089 | D:9      | Gained mutation: You are clumsy. (Dex -2) [mutagenic meat]
 10090 | D:9      | Gained mutation: You are frail. (-10% HP) [mutagenic meat]
 10346 | D:9      | Reached XP level 11. HP: 48/68 MP: 11/11
 10365 | D:10     | Entered Level 10 of the Dungeon
 10528 | D:10     | Reached * piety under Okawaru
 10581 | D:10     | Found Lynu's Antique Weapon Shop.
 10589 | D:10     | Bought a twisted hand axe for 208 gold pieces
 10589 | D:10     | Identified the +4 hand axe of a volcano {flame, +Inv rF- Int+8 Stlth-} (You bought it in a shop on level 10 of the Dungeon)
 10631 | D:10     | Noticed a two-headed ogre
 10651 | D:10     | Killed a two-headed ogre
 10651 | D:10     | Reached skill level 13 in Fighting
 11028 | D:11     | Noticed a two-headed ogre
 11035 | D:11     | Killed a two-headed ogre
 11035 | D:11     | Reached ** piety under Okawaru
 11548 | D:11     | Noticed a two-headed ogre
 11558 | D:11     | Killed a two-headed ogre
 11633 | D:11     | Reached *** piety under Okawaru
 11742 | D:11     | Reached skill level 1 in Spellcasting
 11984 | D:11     | Found a staircase to the Orcish Mines.
 12216 | D:12     | Reached **** piety under Okawaru
 12219 | D:12     | Received a gift from Okawaru
 12239 | D:12     | Reached skill level 14 in Fighting
 12471 | D:12     | Noticed a catoblepas
 12486 | D:12     | Killed a catoblepas
 12486 | D:12     | Reached XP level 12. HP: 22/76 MP: 15/17
 12809 | D:12     | Noticed a three-headed hydra
 12825 | D:12     | Killed a one-headed hydra
 12860 | D:12     | Reached ***** piety under Okawaru
 12907 | D:12     | Found a roughly hewn altar of Beogh.
 13256 | D:12     | Received a gift from Okawaru
 13409 | D:12     | Noticed a two-headed ogre
 13500 | D:12     | Killed a two-headed ogre
 13500 | D:12     | Reached skill level 5 in Spellcasting
 14283 | D:13     | Noticed a centaur warrior
 14290 | D:13     | Killed a centaur warrior
 14290 | D:13     | Reached skill level 15 in Fighting
 14717 | D:13     | Mangled by a large slime creature

Vault maps used:
D:1:      nicolae_arrival_washed_ashore
D:2:      first_bread
D:4:      serial_shops, shop, kennysheep_generic_room_9, uniq_blork_the_orc
D:5:      cheibrodos_quashed, minmay_temple_entry_hall
D:6:      old_standard_altar, minmay_guarded_unrand_vampires_tooth
D:7:      gammafunk_temple_overflow_pools, uniq_pikel
D:8:      cheibrodos_fertilizer, overflow_temple_1_default, erik_lair_island
D:10:     serial_shops, nicolae_shop_overgrown_old_shop
D:11:     orc_0_dummy, minivault_25_ag
D:12:     hangedman_ranch
D:13:     patterned_corridor
Temple:   dpeg_five_rooms_temple

Skill      XL: |  1  2  3  4  5  6  7  8  9 10 11 12 |
---------------+-------------------------------------+-----
Axes           | 2 3 4 5 7 9 10 12 | 12.8
Fighting       | 4 5 6 7 9 11 12 14 15 | 15.0
Spellcasting   | 3 6 |  6.0
Armour         | |  3.2
Shields        | |  3.2

Action                   |  1- 3 |  4- 6 |  7- 9 | 10-12 || total
-------------------------+-------+-------+-------+-------++-------
Melee: War axe           |    89 |   179 |   327 |   196 ||   791
       Hand axe          |       |       |       |   544 ||   544
Invok: Heroism           |       |       |       |     1 ||     1
Evoke: Wand              |       |       |       |     1 ||     1
  Use: Scroll            |       |     3 |    12 |     8 ||    23
       Potion            |       |     2 |     9 |     3 ||    14
  Eat: Chunk             |       |     6 |     7 |    12 ||    25
       Bread ration      |       |     1 |     2 |     4 ||     7
       Royal jelly       |       |       |       |     1 ||     1
Armor: Scale mail        |    48 |   127 |   146 |       ||   321
       Ring mail         |       |       |    60 |   325 ||   385
Dodge: Dodged            |    28 |    75 |    97 |   142 ||   342
Block: Shield            |    50 |   104 |   174 |   208 ||   536
       Large shield      |       |       |       |    88 ||    88
